 Dungeon Crawl Stone Soup version 0.31.0-10-gcf4a605ca0 (webtiles) character file.

Game seed: 11772045631738243051

216 Mahakala the Cudgeller (level 5, 0/33 HPs)
             Began as a Gargoyle Fighter on Jan 25, 2024.
             Slain by an ogre
             ... wielding a +0 giant club
              (22 damage)
             ... on level 4 of the Dungeon.
             The game lasted 00:11:04 (3180 turns).

Mahakala the Cudgeller (Gargoyle Fighter)           Turns: 3180, Time: 00:11:05

Health: 0/33       AC: 15    Str: 21    XL:     5   Next: 93%
Magic:  5/5        EV:  6    Int:  9    God:
Gold:   127        SH:  9    Dex:  9    Spells: 4/4 levels left

rFire   . . .        a - +0 flail
rCold   . . .        c - +0 buckler
rNeg    + . .        r - +0 plate armour
rPois   ∞            (no helmet)
rElec   +            (no cloak)
rCorr   .            (no gloves)
SInv    .            (no boots)
Will    .....        h - amulet of reflection Stlth
                     (no ring)
HPRegen 0.25/turn    (no ring)
MPRegen 0.09/turn

%: reflection
@: mighty
A: sickness immunity, AC +4, negative energy resistance 1, electricity
resistance, torment resistance 1, petrification resistance
a: no special abilities


You were on level 4 of the Dungeon.
You visited 1 branch of the dungeon, and saw 5 of its levels.

You collected 127 gold pieces.

Inventory:

Hand Weapons
 a - a +0 flail (weapon)
 b - a +2 sling of draining
Missiles
 f - 30 stones (quivered)
 i - 6 boomerangs
 m - 18 poisoned darts
Armour
 c - a +0 buckler (worn)
 r - a +0 plate armour (worn)
Jewellery
 h - an amulet of reflection (around neck)
 s - an amulet of the acrobat
Scrolls
 l - a scroll of brand weapon {unknown}
 o - a scroll of silence {unknown}
 p - a scroll of vulnerability {unknown}
 q - a scroll of blinking {unknown}
 t - a scroll of teleportation {unknown}
 u - a scroll of butterflies {unknown}
 v - 3 scrolls of identify {@r1}
 w - a scroll of fear {unknown}
 x - a scroll of enchant weapon {unknown}
Potions
 e - 3 potions of enlightenment
 g - a potion of mutation
 j - a potion of heal wounds {@q2}
 k - 2 potions of haste {@q3}
 n - a potion of lignification


   Skills:
 + Level 3.8 Fighting
 + Level 5.3 Maces & Flails
 - Level 4.0 Armour
 - Level 3.2 Shields


You had 4 spell levels left.
You didn't know any spells.
Your spell library contained the following spells:

 Spells                   Type           Power      Damage    Failure   Level
 Foxfire                  Conj/Fire      0%         2x1d4     100%        1
 Ensorcelled Hibernation  Hex/Ice        0%         N/A       100%        2
 Jinxbite                 Hex            0%         N/A       100%        2
 Fugue of the Fallen      Necr           0%         N/A       100%        3
 Passwall                 Erth           0%         N/A       100%        3
 Swiftness                Air            0%         N/A       100%        3
 Anguish                  Hex/Necr       0%         N/A       100%        4
 Yara's Violent Unravell  Hex/Alch       0%         3d3       100%        5
 Plasma Beam              Fire/Air       0%         2x1d10    100%        6
 Starburst                Conj/Fire      0%         6d3       100%        6
 Enfeeble                 Hex            0%         N/A       100%        7


Dungeon Overview and Level Annotations

Branches:
Dungeon (5/15)
 Temple: D:4-7

Altars:


Innate Abilities, Weirdness & Mutations

You are immune to sickness and miasma.
Your stone body is resilient. (AC +4)
You are immune to poison.
You resist negative energy. (rN+)
You are resistant to electric shocks. (rElec)
You are resistant to unholy torment.
You are immune to petrification.


Message History

You struggle to detach yourself from the web.
The web tears apart.
The ribbon worm expels a string of sticky webbing.
The stream of webbing hits you but does no damage.
You are caught in a web!
There is a web here.
You are caught in a web!
The web tears apart.
You block the ribbon worm's attack.
You barely miss the ribbon worm.
The ribbon worm expels a string of sticky webbing.
The stream of webbing hits you but does no damage.
You are caught in a web!
You are caught in a web!
The web tears apart.
You sock the ribbon worm!
The ribbon worm is heavily wounded.
The ribbon worm bites you but does no damage.
You barely miss the ribbon worm.
The ribbon worm is heavily wounded.
The ribbon worm barely misses you.
You sock the ribbon worm!
The ribbon worm is almost dead.
The ribbon worm bites you.
You sock the ribbon worm!
You kill the ribbon worm!
An ogre opens the door.
The ogre shouts!
You see here 16 gold pieces.
The ogre attacks as it pursues you! The ogre hits you but does no damage.
The ogre barely misses you.
You see here a +0 lajatang.
You feel very mighty all of a sudden.
You hit the ogre.
The ogre is moderately wounded.
The ogre hits you with a +0 giant club!
You sock the ogre!
The ogre is almost dead.
The ogre hits you with a +0 giant club!!
Ouch! That really hurt!
You die...

...# #....##.#.#.#.# #.#
...# #....##'#...#+## #.#
...# #.........)....# #.#
...# #..............# #.#
...# #..............# #.#
#### ####...........# #.#
# #..)........# #.# #
#..O........# #.# #
#..@........# #.# #
#...........# #.# #
#........)..# #.# ####
#...........# #.. ...####
#...........# ###
......########...........#
......#...........###'####
......#.......###.# #.#
......#.......#
#.###.########


You could see an ogre.

Vanquished Creatures
  A jelly (D:2)
  A sleepcap (D:4)
  8 adders
  A ribbon worm (D:4)
  3 dart slugs
  An orc (D:3)
  8 endoplasms
  3 giant cockroaches
  3 goblins
  8 hobgoblins
  10 jackals
  9 kobolds
  A quokka (D:1)
  4 ball pythons
  6 bats
  5 frilled lizards
  7 rats
79 creatures vanquished.

Notes
Turn   | Place    | Note
-------+----------+-------------------------------------------
     0 | D:1      | Mahakala the Gargoyle Fighter began the quest for the Orb.
     0 | D:1      | Reached XP level 1. HP: 14/14 MP: 1/1
   173 | D:1      | Reached XP level 2. HP: 19/19 MP: 2/2
   269 | D:1      | Reached skill level 3 in Maces & Flails
   428 | D:1      | Reached XP level 3. HP: 22/23 MP: 3/3
   774 | D:2      | Reached skill level 4 in Maces & Flails
   774 | D:2      | Reached XP level 4. HP: 20/28 MP: 4/4
  1032 | D:2      | Found a faded altar of an unknown god.
  1585 | D:2      | Reached XP level 5. HP: 31/32 MP: 5/5
  2149 | D:3      | Reached skill level 5 in Maces & Flails
  2191 | D:3      | You fall into a shaft and drop 2 floors!
  2191 | D:5      | Entered Level 5 of the Dungeon
  2368 | D:4      | Noticed an ogre
  3180 | D:4      | Slain by an ogre

Illustrated notes

Levels and vault maps discovered:
D:1:      minmay_arrival_stone_box, layout_basic
D:2:      layout_basic, hellmonk_ecumenical_altar_dog_temple
D:3:      layout_basic
D:4:      layout_basic, serial_glass, glass_columns_a, glass_columns_b,
          chequers_arboretum, grunt_decor_fettered
D:5:      minmay_inner_zag, layout_rooms, mainiacjoe_overflow_divided_tiny,
          minmay_temple_entry_butterflies, uniq_duvessa,
          uniq_crazy_yiuf_cottage, uniq_pikel

Skill      XL: |  1  2  3  4  5 |
---------------+----------------+-----
Maces & Flails | 3 4 5 |  5.3
Armour         | 4 |  4.0
Fighting       | |  3.8
Shields        | |  3.2

Action                     |  1- 3 |  4- 6 || total
---------------------------+-------+-------++-------
  Melee: Flail             |    64 |   236 ||   300
   Fire: Sling             |       |    16 ||    16
  Throw: Stone             |     4 |     2 ||     6
    Use: Scroll            |       |     5 ||     5
         Potion            |       |     1 ||     1
 Armour: Scale mail        |    30 |     9 ||    39
         Plate armour      |       |   155 ||   155
  Dodge: Dodged            |    20 |    55 ||    75
  Block: Buckler           |    28 |   115 ||   143
         Reflection        |       |     4 ||     4
